 Dungeon Crawl Stone Soup version 0.30-a0-358-g0d69a1922f (webtiles) character file.

Game seed: 649157077826246319

3 flotson the Sneak (level 1, -2/18 HPs)
             Began as a Demonspawn Delver on Nov 10, 2022.
             Slain by an adder (4 damage)
             ... in a sewer.
             The game lasted 00:00:45 (134 turns).

flotson the Sneak (Demonspawn Delver)                Turns: 134, Time: 00:00:45

Health: -2/18      AC:  3    Str: 12    XL:     1   Next: 41%
Magic:  1/1        EV: 11    Int: 11    God:
Gold:   11         SH:  0    Dex: 14    Spells: 0/0 levels left

rFire   . . .      SeeInvis .    a - +0 hand axe
rCold   . . .      Faith    .    (no shield)
rNeg    . . .      Spirit   .    b - +0 leather armour
rPois   .          Reflect  .    (no helmet)
rElec   .          Harm     .    (no cloak)
rCorr   .          Rampage  .    (no gloves)
Will    .....                    (no boots)
Stlth   +.........               (no amulet)
HPRegen 0.23/turn                (no ring)
MPRegen 0.07/turn                (no ring)

@: lethally poisoned (-2 -> -5), hasted, quick
A: no striking features
a: no special abilities


You were in a sewer.
You visited 1 branch of the dungeon, and saw 2 of its levels.
You also visited: Sewer.

You collected 11 gold pieces.

Inventory:

Hand Weapons
 a - a +0 hand axe (weapon)
Armour
 b - a +0 leather armour (worn)
Wands
 g - a wand of digging (3)
 h - a wand of flame (19)
Scrolls
 c - a scroll of fog
 e - a scroll of fear


   Skills:
 + Level 3.0 Fighting
 - Level 1.7 Axes
 + Level 0.2 Armour
 + Level 1.8 Dodging
 - Level 4.5 Stealth
 + Level 0.2 Evocations


You couldn't memorise any spells.
You didn't know any spells.
Your spell library was empty.

Dungeon Overview and Level Annotations

Branches:
Dungeon (5/15)             Temple (0/1) D:4           Sewer (1/1)

Altars:

Annotations:
D:4 Ijyb, Sigmund


Message History

The adder is severely wounded.
The adder closely misses you.
You closely miss the adder.
The adder is severely wounded.
The adder bites you.
Your unstable footing causes you to fumble your attack.
The adder bites you.
Your unstable footing causes you to fumble your attack.
The adder misses you.
You closely miss the adder.
The adder is severely wounded.
The adder barely misses you.
You miss the adder.
The adder is severely wounded.
The adder bites you.
* * * LOW HITPOINT WARNING * * *
Your unstable footing causes you to fumble your attack.
The adder closely misses you.
Your unstable footing causes you to fumble your attack.
The adder completely misses you.
Your unstable footing causes you to fumble your attack.
The adder bites you but does no damage.
You barely miss the adder.
The adder is severely wounded.
The adder misses you.
Your unstable footing causes you to fumble your attack.
The adder barely misses you.
You closely miss the adder.
The adder is severely wounded.
The adder bites you.
* * * LOW HITPOINT WARNING * * *
You are lethally poisoned!
The adder poisons you!
Your unstable footing causes you to fumble your attack.
* * * LOW HITPOINT WARNING * * *
You feel sick. The adder barely misses you.
Your unstable footing causes you to fumble your attack.
* * * LOW HITPOINT WARNING * * *
You feel sick. The adder bites you.
You die...

##..~## ~...~
....~ ~~. ~.~
#~# #S# #@#
##~## ##...##
#.∩...#
..~~~~..∩~~≈≈≈≈
w~####.....####
##~~.## ##≈##
#≈#


You could see an adder.

Vanquished Creatures
  A hobgoblin (D:4)
  A kobold (Sewer)
  A ball python (Sewer)
3 creatures vanquished.

Notes
Turn   | Place    | Note
-------+----------+-------------------------------------------
     0 | D:5      | flotson the Demonspawn Delver began the quest for the Orb.
     0 | D:5      | Reached XP level 1. HP: 18/18 MP: 1/1
     9 | D:5      | Noticed a scorpion
    58 | D:4      | Noticed Ijyb
    83 | D:4      | Noticed Sigmund
    92 | D:4      | Found a glowing drain.
    97 | Sewer    | Entered a sewer
   134 | Sewer    | Slain by an adder

Illustrated notes

Levels and vault maps discovered:
D:4:      layout_basic, minmay_temple_entry_statues_fountains,
          portal_sewer_entry_e, uniq_sigmund, uniq_grinder, uniq_pikel,
          uniq_ijyb
D:5:      layout_cave_pools, kennysheep_generic_room_10, uniq_prince_ribbit1,
          uniq_eustachio
Sewer:    sewer_co_15_rooms

Action                   || total
-------------------------++-------
Melee: Hand axe          ||    35
  Use: Scroll            ||     1
       Potion            ||     1
 Stab: Sleeping          ||     1
Armor: Leather armour    ||     6
Dodge: Dodged            ||    20

Table legend: (Time is in decaauts)
 A = Elapsed time spent in this place.
 B = Non-inter-level travel time spent in this place.
 C = Inter-level travel time spent in this place.
 D = Time resting spent in this place.
 E = Time spent auto-exploring this place.
 F = Levels seen in this place.
 G = Mean time per level.
                   A        B        C        D        E       F      G
               +--------+--------+--------+--------+--------+-----+--------+
         Total |    131 |    104 |     27 |      0 |      8 |   3 |   43.7 |
       Dungeon |     99 |     72 |     27 |      0 |      8 |   2 |   49.5 |
         Sewer |     32 |     32 |      0 |      0 |      0 |   1 |   32.0 |
               +--------+--------+--------+--------+--------+-----+--------+

Top non-repeatable levels by time:
     D:4: 72 daAuts
   Sewer: 32 daAuts
     D:5: 27 daAuts
